| TOP OF THE 1ST |
|
West Virginia Black Bears batting - Pitching for Boise Hawks : LHP Marc Eismann
|
|
Pitching: LHP Marc Eismann
|
|
|
Batting: LHB Joe Hoover
|
0-0: Ball 1-0: Ball 2-0: Bunted foul 2-1: Foul Ball, location: 2F 2-2: Ground out 4-3 (Groundball, 4, EV 103.1 MPH)
|
|
Batting: RHB Pleun Smit
|
0-0: Ball 1-0: Ball 2-0: Called Strike 2-1: Called Strike 2-2: Ground out 5-3 (Groundball, 5L, EV 110.0 MPH)
|
|
Batting: RHB Jose Almonte
|
0-0: Fly out, F4 (Popup, 4S, EV 71.9 MPH)
|
| Top of the 1st over - 0 runs, 0 hits, 0 errors, 0 left on base; West Virginia 0 - Boise 0 |
| BOTTOM OF THE 1ST |
|
Boise Hawks batting - Pitching for West Virginia Black Bears : LHP Mario Flores
|
|
Pitching: LHP Mario Flores
|
|
|
Batting: LHB Steve Gilliam
|
0-0: Ball 1-0: Called Strike 1-1: Ball 2-1: Fly out, F7 (Flyball, 7, EV 85.6 MPH)
|
|
Batting: RHB Elias Urbina
|
0-0: Foul Ball, location: 2F 0-1: Foul Ball, location: 2F 0-2: Fly out, F9 (Line Drive, 89M, EV 90.6 MPH)
|
|
Batting: SHB Bobby Santor
|
0-0: Called Strike 0-1: Foul Ball, location: 2F 0-2: Ball 1-2: Strikes out swinging
|
| Bottom of the 1st over - 0 runs, 0 hits, 0 errors, 0 left on base; West Virginia 0 - Boise 0 |
| TOP OF THE 2ND |
|
West Virginia Black Bears batting - Pitching for Boise Hawks : LHP Marc Eismann
|
|
Batting: RHB Mike Velazquez
|
0-0: Called Strike 0-1: Foul Ball, location: 2F 0-2: DOUBLE (Groundball, 5L, EV 110.0 MPH)
|
|
Batting: RHB Chris Pozzi
|
0-0: Foul Ball, location: 2F 0-1: Fly out, F8 (Line Drive, 8RM, EV 113.1 MPH)
|
|
Batting: LHB Gregg Kellerman
|
0-0: Foul Ball, location: 2F 0-1: Called Strike 0-2: Ball 1-2: Strikes out swinging
|
|
Batting: RHB Richard Barrios
|
0-0: Ball 1-0: Called Strike 1-1: Swinging Strike 1-2: Strikes out swinging
|
| Top of the 2nd over - 0 runs, 1 hit, 0 errors, 1 left on base; West Virginia 0 - Boise 0 |
| BOTTOM OF THE 2ND |
|
Boise Hawks batting - Pitching for West Virginia Black Bears : LHP Mario Flores
|
|
Batting: LHB Greg Valenzuela
|
0-0: Swinging Strike 0-1: Foul Ball, location: 2F 0-2: SINGLE (Line Drive, 6M, EV 103.8 MPH)
|
|
Batting: RHB Eric Delgado
|
0-0: Ball Greg Valenzuela is caught stealing 2nd base 2-4 1-0: Called Strike 1-1: Ball 2-1: Ball 3-1: Foul Ball, location: 2F 3-2: Strikes out looking
|
|
Batting: SHB Jamie Locke
|
0-0: Foul Ball, location: 2F 0-1: Ball 1-1: Foul Ball, location: 2F 1-2: Ball 2-2: Strikes out swinging
|
| Bottom of the 2nd over - 0 runs, 1 hit, 0 errors, 0 left on base; West Virginia 0 - Boise 0 |
| TOP OF THE 3RD |
|
West Virginia Black Bears batting - Pitching for Boise Hawks : LHP Marc Eismann
|
|
Batting: RHB Steve Dennis
|
0-0: Called Strike 0-1: Foul Ball, location: 2F 0-2: Ball 1-2: Ball 2-2: Ground out 4-3 (Groundball, 4, EV 84.4 MPH)
|
|
Batting: LHB Brandon Sarni
|
0-0: Ball 1-0: Foul Ball, location: 2F 1-1: Ground out 4-3 (Groundball, 4, EV 86.2 MPH)
|
|
Batting: LHB Joe Hoover
|
0-0: Ball 1-0: Ball 2-0: Called Strike 2-1: Ball 3-1: Base on Balls
|
|
Batting: RHB Pleun Smit
|
0-0: Called Strike 0-1: Ball Passed Ball! Joe Hoover to second Balk! Joe Hoover to third 1-1: Called Strike 1-2: Ball 2-2: Foul Ball, location: 2F 2-2: Strikes out looking
|
| Top of the 3rd over - 0 runs, 0 hits, 0 errors, 1 left on base; West Virginia 0 - Boise 0 |
| BOTTOM OF THE 3RD |
|
Boise Hawks batting - Pitching for West Virginia Black Bears : LHP Mario Flores
|
|
Batting: RHB John Stevenson
|
0-0: Ground out 1-3 (Groundball, 34S, EV 67.5 MPH)
|
|
Batting: LHB Mike Clark
|
0-0: Foul Ball, location: 2F 0-1: Fly out, F8 (Flyball, 8LM, EV 89.4 MPH)
|
|
Batting: LHB Zane Kelton
|
0-0: Ball 1-0: Ball 2-0: Swinging Strike 2-1: Fly out, F8 (Line Drive, 8RM, EV 95.6 MPH)
|
| Bottom of the 3rd over - 0 runs, 0 hits, 0 errors, 0 left on base; West Virginia 0 - Boise 0 |
| TOP OF THE 4TH |
|
West Virginia Black Bears batting - Pitching for Boise Hawks : LHP Marc Eismann
|
|
Batting: RHB Jose Almonte
|
0-0: Ball 1-0: Ground out 6-3 (Groundball, 6, EV 88.8 MPH)
|
|
Batting: RHB Mike Velazquez
|
0-0: Ball 1-0: Ball 2-0: DOUBLE (Line Drive, 89D, EV 103.8 MPH)
|
|
Batting: RHB Chris Pozzi
|
0-0: Called Strike 0-1: Foul Ball, location: 2F 0-2: Ball 1-2: Strikes out swinging
|
|
Batting: LHB Gregg Kellerman
|
0-0: Ball 1-0: Called Strike 1-1: Hit by Pitch
|
|
Batting: RHB Richard Barrios
|
0-0: Ball 1-0: Called Strike 1-1: Foul Ball, location: 2F 1-2: Strikes out swinging
|
| Top of the 4th over - 0 runs, 1 hit, 0 errors, 2 left on base; West Virginia 0 - Boise 0 |
| BOTTOM OF THE 4TH |
|
Boise Hawks batting - Pitching for West Virginia Black Bears : LHP Mario Flores
|
|
Batting: LHB Steve Gilliam
|
0-0: Ball 1-0: Ball 2-0: Called Strike 2-1: Ball 3-1: Foul Ball, location: 2F 3-2: Base on Balls
|
|
Batting: RHB Elias Urbina
|
0-0: Called Strike 0-1: Ground out 3-1 (Groundball, 3, EV 108.1 MPH) Steve Gilliam to second
|
|
Batting: SHB Bobby Santor
|
0-0: Called Strike 0-1: Ball 1-1: Ball 2-1: Foul Ball, location: 2F 2-2: Ball 3-2: Strikes out swinging
|
|
Batting: LHB Greg Valenzuela
|
0-0: Ball 1-0: Called Strike 1-1: Foul Ball, location: 2F 1-2: Ball Wild Pitch! Steve Gilliam to third 2-2: Ball 3-2: Base on Balls
|
|
Batting: RHB Eric Delgado
|
0-0: Foul Ball, location: 2F 0-1: Ball 1-1: Ball Greg Valenzuela steals 2nd base 2-1: Ball 3-1: Foul Ball, location: 2F 3-2: Foul Ball, location: 2F 3-2: Base on Balls
|
|
Batting: SHB Jamie Locke
|
0-0: Ball 1-0: Ball 2-0: Ball 3-0: Called Strike 3-1: Foul Ball, location: 2F 3-2: Strikes out swinging
|
| Bottom of the 4th over - 0 runs, 0 hits, 0 errors, 3 left on base; West Virginia 0 - Boise 0 |
| TOP OF THE 5TH |
|
West Virginia Black Bears batting - Pitching for Boise Hawks : LHP Marc Eismann
|
|
Batting: RHB Steve Dennis
|
0-0: Called Strike 0-1: Swinging Strike 0-2: Foul Ball, location: 2F 0-2: Ball 1-2: Strikes out swinging
|
|
Batting: LHB Brandon Sarni
|
0-0: Ball 1-0: Ball 2-0: Foul Ball, location: 2F 2-1: SINGLE (Groundball, 4MS, EV 66.9 MPH) (infield hit)
|
|
Batting: LHB Joe Hoover
|
0-0: Ball 1-0: Ball 2-0: Ball 3-0: Called Strike 3-1: Called Strike 3-2: Fielders Choice at 2nd, 5-4 (Groundball, 56S, EV 91.2 MPH)
|
|
Batting: RHB Pleun Smit
|
0-0: Ball 1-0: Ball 2-0: DOUBLE (Flyball, 8RXD, EV 112.5 MPH) Joe Hoover to third Runner from 3rd tries for Home, SAFE, throw by CF to home
|
|
Pitching: LHP Glenn Lowther
|
|
|
Batting: RHB Jose Almonte
|
0-0: Ball 1-0: Ground out 6-3 (Groundball, 56, EV 93.1 MPH)
|
| Top of the 5th over - 1 run, 2 hits, 0 errors, 1 left on base; West Virginia 1 - Boise 0 |
| BOTTOM OF THE 5TH |
|
Boise Hawks batting - Pitching for West Virginia Black Bears : LHP Mario Flores
|
|
Batting: RHB John Stevenson
|
0-0: Called Strike 0-1: Ball 1-1: Ball 2-1: Ball 3-1: SINGLE (Groundball, 6D, EV 94.4 MPH)
|
|
Batting: LHB Mike Clark
|
0-0: Foul Ball, location: 2F 0-1: Ball 1-1: Swinging Strike 1-2: Foul Ball, location: 2F 1-2: Fielders Choice at 2nd, 4-6 (Groundball, 34, EV 84.4 MPH)
|
|
Batting: LHB Zane Kelton
|
0-0: Swinging Strike 0-1: Called Strike 0-2: Ball Mike Clark is caught stealing 2nd base 2-6 1-2: Foul Ball, location: 2F 1-2: Strikes out swinging
|
| Bottom of the 5th over - 0 runs, 1 hit, 0 errors, 0 left on base; West Virginia 1 - Boise 0 |
| TOP OF THE 6TH |
|
West Virginia Black Bears batting - Pitching for Boise Hawks : LHP Glenn Lowther
|
|
Batting: RHB Mike Velazquez
|
0-0: Ball 1-0: Ball 2-0: Swinging Strike 2-1: Ball 3-1: Fly out, F9 (Flyball, 9LS, EV 89.4 MPH)
|
|
Batting: RHB Chris Pozzi
|
0-0: Ball 1-0: Ball 2-0: Called Strike 2-1: Foul Ball, location: 2F 2-2: Ball 3-2: Foul Ball, location: 2F 3-2: Foul Ball, location: 2F 3-2: Base on Balls
|
|
Batting: LHB Gregg Kellerman
|
0-0: Ball 1-0: Called Strike 1-1: Ball 2-1: Ball 3-1: Swinging Strike 3-2: Foul Ball, location: 2F 3-2: Strikes out swinging
|
|
Batting: RHB Richard Barrios
|
0-0: Ball 1-0: Ball 2-0: Called Strike 2-1: Swinging Strike 2-2: Strikes out swinging
|
| Top of the 6th over - 0 runs, 0 hits, 0 errors, 1 left on base; West Virginia 1 - Boise 0 |
| BOTTOM OF THE 6TH |
|
Boise Hawks batting - Pitching for West Virginia Black Bears : LHP Mario Flores
|
|
Batting: LHB Steve Gilliam
|
0-0: Foul Ball, location: 2F 0-1: Ground out 6-3 (Groundball, 6, EV 85.0 MPH)
|
|
Batting: RHB Elias Urbina
|
0-0: Foul Ball, location: 2F 0-1: Called Strike 0-2: Foul Ball, location: 2F 0-2: Ball 1-2: Ball 2-2: Strikes out swinging
|
|
Batting: SHB Bobby Santor
|
0-0: Called Strike 0-1: Foul Ball, location: 2F 0-2: Foul Ball, location: 2F 0-2: Ball 1-2: Ground out 5-3 (Groundball, 56, EV 99.4 MPH)
|
| Bottom of the 6th over - 0 runs, 0 hits, 0 errors, 0 left on base; West Virginia 1 - Boise 0 |
| TOP OF THE 7TH |
|
West Virginia Black Bears batting - Pitching for Boise Hawks : LHP Glenn Lowther
|
|
Pitching: LHP Dan Ott
|
|
|
Batting: RHB Steve Dennis
|
0-0: Ground out 1-3 (Groundball, 34S, EV 69.4 MPH)
|
|
Pinch Hitting: RHB Nick Wilkins
|
0-0: Swinging Strike 0-1: Ball 1-1: Foul Ball, location: 2F 1-2: Strikes out swinging
|
|
Batting: LHB Joe Hoover
|
0-0: Ball 1-0: Called Strike 1-1: Ball 2-1: Fly out, F7 (Flyball, 78S, EV 85.0 MPH)
|
| Top of the 7th over - 0 runs, 0 hits, 0 errors, 0 left on base; West Virginia 1 - Boise 0 |
| BOTTOM OF THE 7TH |
|
Boise Hawks batting - Pitching for West Virginia Black Bears : LHP Mario Flores
|
|
Pitching: RHP Shinya Ito
|
|
|
Now at 2B: Donald Imre
|
|
|
Batting: LHB Greg Valenzuela
|
0-0: Ball 1-0: Ball 2-0: Foul Ball, location: 2F 2-1: Swinging Strike 2-2: Foul Ball, location: 2F 2-2: Strikes out swinging
|
|
Batting: RHB Eric Delgado
|
0-0: Foul Ball, location: 2F 0-1: Foul Ball, location: 2F 0-2: Strikes out swinging
|
|
Batting: SHB Jamie Locke
|
0-0: Swinging Strike 0-1: Foul Ball, location: 2F 0-2: Strikes out looking
|
| Bottom of the 7th over - 0 runs, 0 hits, 0 errors, 0 left on base; West Virginia 1 - Boise 0 |
| TOP OF THE 8TH |
|
West Virginia Black Bears batting - Pitching for Boise Hawks : LHP Dan Ott
|
|
Batting: RHB Pleun Smit
|
0-0: Foul Ball, location: 2F 0-1: Foul Ball, location: 2F 0-2: Ball 1-2: Strikes out swinging
|
|
Batting: RHB Jose Almonte
|
0-0: Ball 1-0: Foul Ball, location: 2F 1-1: Foul Ball, location: 2F 1-2: Ball 2-2: Ball 3-2: Base on Balls
|
|
Batting: RHB Mike Velazquez
|
0-0: Ball 1-0: Ball 2-0: Ball 3-0: Called Strike 3-1: Base on Balls Jose Almonte to second
|
|
Pinch Runner at 2nd Junki Nakamoto:
|
|
|
Batting: RHB Chris Pozzi
|
Balk! Junki Nakamoto to third Mike Velazquez to second 0-0: Intentional Walk
|
|
Batting: LHB Gregg Kellerman
|
0-0: Ball 1-0: SINGLE (Groundball, 3S, EV 76.2 MPH) (infield hit) Junki Nakamoto scores Mike Velazquez to third Chris Pozzi to second
|
|
Batting: RHB Richard Barrios
|
0-0: Swinging Strike 0-1: Foul Ball, location: 2F 0-2: Ball 1-2: Ball 2-2: Foul Ball, location: 2F 2-2: Ball 3-2: Grounds into fielders choice 6-2 (Groundball, 6MS, EV 70.0 MPH) Chris Pozzi to third Gregg Kellerman to second
|
|
Pitching: LHP Juan Vargas
|
|
|
Batting: RHB Steve Dennis
|
0-0: Fly out, F6 (Line Drive, 6, EV 68.1 MPH)
|
| Top of the 8th over - 1 run, 1 hit, 0 errors, 3 left on base; West Virginia 2 - Boise 0 |
| BOTTOM OF THE 8TH |
|
Boise Hawks batting - Pitching for West Virginia Black Bears : RHP Shinya Ito
|
|
Now in LF: Alan Pumphrey
|
|
|
Batting: RHB John Stevenson
|
0-0: DOUBLE (Line Drive, 7LM, EV 108.8 MPH)
|
|
Batting: LHB Mike Clark
|
Balk! John Stevenson to third 0-0: Foul Ball, location: 2F 0-1: Foul Ball, location: 2F 0-2: Ball 1-2: Ball 2-2: Ball 3-2: Foul Ball, location: 2F 3-2: Foul Ball, location: 2F 3-2: SINGLE (Groundball, 56D, EV 103.8 MPH) John Stevenson scores
|
|
Batting: LHB Zane Kelton
|
0-0: Ball 1-0: Foul Ball, location: 2F 1-1: Swinging Strike 1-2: Ball 2-2: Strikes out looking
|
|
Pitching: RHP Joel Olausson
|
|
|
Batting: LHB Steve Gilliam
|
0-0: Ball 1-0: Called Strike 1-1: Ball 2-1: Foul Ball, location: 2F 2-2: Ball 3-2: Strikes out swinging
|
|
Batting: RHB Elias Urbina
|
0-0: Ball 1-0: Foul Ball, location: 2F 1-1: Called Strike 1-2: Strikes out swinging
|
| Bottom of the 8th over - 1 run, 2 hits, 0 errors, 1 left on base; West Virginia 2 - Boise 1 |
| TOP OF THE 9TH |
|
West Virginia Black Bears batting - Pitching for Boise Hawks : LHP Juan Vargas
|
|
Batting: LHB Donald Imre
|
0-0: Ball 1-0: Foul Ball, location: 2F 1-1: SINGLE (Groundball, 4M, EV 79.4 MPH) (infield hit)
|
|
Batting: LHB Joe Hoover
|
0-0: Bunted foul 0-1: Ball Donald Imre steals 2nd base 1-1: Bunt - Flyout to 2R! F2
|
|
Batting: RHB Pleun Smit
|
0-0: Called Strike 0-1: Called Strike 0-2: SINGLE (Groundball, 6S, EV 72.5 MPH) (infield hit) Donald Imre to third
|
|
Batting: LHB Alan Pumphrey
|
0-0: Ball 1-0: Swinging Strike 1-1: Swinging Strike 1-2: Ball 2-2: SINGLE (Groundball, 34, EV 105.0 MPH) Donald Imre scores Pleun Smit to second Runner from 2nd tries for 3rd, SAFE, throw by RF made to third
|
|
Batting: RHB Mike Velazquez
|
0-0: Ball 1-0: Fly out, F8 (Flyball, 8LXD, EV 104.4 MPH) Runner from 3rd tags up, SCORES, no throw by CF
|
|
Batting: RHB Chris Pozzi
|
0-0: Called Strike 0-1: Ball Alan Pumphrey steals 2nd base 1-1: Ball 2-1: Foul Ball, location: 2F 2-2: Strikes out looking
|
| Top of the 9th over - 2 runs, 3 hits, 0 errors, 1 left on base; West Virginia 4 - Boise 1 |
| BOTTOM OF THE 9TH |
|
Boise Hawks batting - Pitching for West Virginia Black Bears : RHP Joel Olausson
|
|
Pitching: LHP Kunifusa Sakuma
|
|
|
Batting: SHB Bobby Santor
|
0-0: Ball 1-0: Foul Ball, location: 2F 1-1: Ball 2-1: Called Strike 2-2: Foul Ball, location: 2F 2-2: Ground out 6-3 (Groundball, 6, EV 79.4 MPH)
|
|
Batting: LHB Greg Valenzuela
|
0-0: Ball 1-0: Foul Ball, location: 2F 1-1: Ball 2-1: Foul Ball, location: 2F 2-2: Strikes out swinging
|
|
Batting: RHB Eric Delgado
|
0-0: Ball 1-0: Ball 2-0: Called Strike 2-1: Ball 3-1: Foul Ball, location: 2F 3-2: Fly out, F6 (Line Drive, 6, EV 65.6 MPH)
|
| Bottom of the 9th over - 0 runs, 0 hits, 0 errors, 0 left on base; West Virginia 4 - Boise 1 |
|